AoeStats
← vladimirpolaris

Arabia

509776814Analyzed
3v3 RM · 6d ago on Sep 28, 2026· 62m 47s· 6 players
Game mode
Random Map
Map size
Normal (6 player)
Population
200
Speed
Normal
Resources
Standard
Victory
Conquest
Starting age
Dark Age
Ending age
Imperial Age
RankedLock teamsTeams togetherTeam positionsShared explorationLock speedFull tech treeHidden civsTurbo modeCheats
Victory
Defeat
🇺🇸 Varangians · United States
962
+13
🇲🇽 Poles · Mexico
856
+18
🇨🇴 Persians · Colombia
817
+19
🇨🇱 Vikings · Chile
923
-18
🇨🇱 Romans · Chile
914
-18
🇦🇷 Magyars · Argentina
839
-14
vladimirpolaris
5:27 Loom
13:13 Feudal Age
15:07 Double-Bit Axe
19:31 Castle Age
19:47 Horse Collar
22:52 Pikeman
24:37 Bow Saw
26:08 Scale Mail Armor
26:48 Squires
30:54 Imperial Age
31:01 Chain Mail Armor
30:57 Forging
31:46 Wheelbarrow
33:17 Conscription
34:43 Fletching
34:50 Gold Mining
35:41 Halberdier
36:26 Bodkin Arrow
36:56 Murder Holes
37:43 Gold Shaft Mining
39:32 Chemistry
39:16 Stone Mining
40:27 Iron Casting
41:52 Heavy Scorpion
47:08 Blast Furnace
50:54 Ballistas
53:10 Ballistics
54:45 Hand Cart
Mosquita Original
11:43 Feudal Age
10:01 Loom
17:51 Castle Age
21:30 Double-Bit Axe
21:29 Horse Collar
27:13 Bow Saw
30:06 Fervor
32:30 Imperial Age
30:35 Town Watch
32:40 Capped Ram
35:30 Two-Man Saw
33:57 Elite Varangian Guard
34:26 Arson
34:42 Squires
34:53 Siege Ram
35:39 Gold Mining
35:39 Stone Mining
36:32 Fortified Wall
36:32 Scale Mail Armor
37:17 Forging
37:30 Chain Mail Armor
38:15 Gold Shaft Mining
38:14 Town Patrol
39:02 Iron Casting
40:03 Plate Mail Armor
43:01 Heavy Plow
45:48 Pikeman
55:07 Crossbowman
59:04 Ballistics
61:19 Arbalester
LongaChilena
11:55 Feudal Age
15:57 Double-Bit Axe
16:49 Bloodlines
18:27 Scale Barding Armor
20:02 Horse Collar
23:51 Castle Age
21:44 Gold Mining
25:07 Wheelbarrow
28:20 Husbandry
29:36 Bow Saw
34:33 Loom
35:41 Town Watch
37:56 Heavy Plow
39:12 Chain Barding Armor
47:45 Corvinian Army
61:20 Imperial Age
58:19 Light Cavalry
61:52 Hussar
toolbanana-man
4:25 Loom
11:07 Feudal Age
13:42 Double-Bit Axe
14:02 Horse Collar
18:27 Castle Age
18:01 Scale Barding Armor
21:09 Husbandry
24:11 Forging
27:11 Bloodlines
31:20 Bow Saw
30:58 Town Watch
32:09 Fletching
34:55 Fervor
34:46 Stone Mining
34:49 Gold Mining
35:01 Heavy Plow
35:03 Elite Skirmisher
38:54 Imperial Age
39:26 Heavy Scorpion
39:46 Cavalier
45:01 Siege Engineers
46:41 Conscription
48:20 Elite Jarl
51:18 Chemistry
50:40 Ballistics
50:16 Murder Holes
51:42 Chain Barding Armor
51:59 Iron Casting
54:48 Blast Furnace
54:24 Plate Barding Armor
56:16 Squires
56:03 Arson
58:31 Masonry
58:20 Bodkin Arrow
60:58 Elite Varangian Guard
LRIN_kinhonor83
7:21 Loom
9:21 Feudal Age
9:52 Double-Bit Axe
19:32 Wheelbarrow
22:27 Castle Age
21:06 Forging
21:38 Gold Mining
21:56 Scale Barding Armor
23:04 Fletching
23:32 Bow Saw
24:49 Horse Collar
25:59 Gold Shaft Mining
30:31 Iron Casting
31:58 Husbandry
33:22 Bloodlines
32:33 Light Cavalry
33:36 Chain Barding Armor
38:45 Imperial Age
36:46 Town Watch
37:08 Heavy Plow
38:19 Pikeman
39:00 Squires
38:47 Gambesons
38:25 Cavalier
39:46 Plate Barding Armor
40:12 Blast Furnace
39:42 Halberdier
40:36 Heavy Scorpion
47:47 Savar
49:13 Citadels
48:42 Heavy Cavalry Archer
51:48 Parthian Tactics
54:30 Bodkin Arrow
54:36 Padded Archer Armor
54:47 Man-at-Arms
57:17 Heavy Camel Rider
58:20 Leather Archer Armor
60:11 Thumb Ring
62:33 Conscription
mrusuario0001
3:44 Loom
13:57 Feudal Age
15:22 Wheelbarrow
14:36 Double-Bit Axe
15:04 Stone Mining
20:59 Gold Mining
22:03 Horse Collar
22:27 Town Watch
26:46 Castle Age
26:01 Scale Barding Armor
26:07 Forging
28:01 Husbandry
28:15 Bloodlines
28:26 Hand Cart
28:34 Bow Saw
29:32 Stone Shaft Mining
29:25 Chain Barding Armor
30:12 Heavy Plow
31:39 Szlachta Privileges
34:06 Fishing Lines
34:11 Pikeman
38:33 Iron Casting
42:46 Caravan
46:35 Imperial Age
45:06 Town Patrol
44:59 Gillnets
48:24 Blast Furnace
46:47 Cavalier
47:15 Capped Ram
48:03 Devotion
48:53 Conscription
49:00 Lechitic Legacy
50:00 Crop Rotation
49:03 Siege Ram
49:35 Light Cavalry
50:45 Winged Hussar
52:04 Elite Obuch
53:08 Ballistics
55:36 Fletching
55:47 Padded Archer Armor
55:13 Heavy Mounted Crossbowman
56:32 Bodkin Arrow
56:38 Scale Mail Armor
57:55 Bracer
58:10 Leather Archer Armor
58:38 Hoardings
58:17 Thumb Ring
57:32 Crossbowman
57:50 Onager
59:40 Chain Mail Armor
59:29 Squires
59:14 Arson
58:50 Man-at-Arms
60:19 Arbalester
61:21 Masonry
60:52 Treadmill Crane
60:58 Arrowslits
64:16 Chemistry
63:22 Siege Engineers
63:13 Murder Holes
63:28 Fortified Wall
63:09 Guard Tower
Connection lost

Rejoining the realm…

Still unreachable

The connection could not be restored.

Session expired

The server has moved on; the page needs a fresh start.